 Dungeon Crawl Stone Soup version 0.25-a0-700-g7f8a7979f0 (webtiles) character file.

Game seed: 12681422993602436993, levelgen mode: deterministic

9 Iscandelvey the Charmwright (level 2, 14/22 HPs)
             Began as a Demonspawn Skald on Apr 2, 2020.
             Quit the game on level 1 of the Dungeon.
             The game lasted 00:00:21 (72 turns).

Iscandelvey the Charmwright (Demonspawn Skald)        Turns: 72, Time: 00:00:21

Health: 14/22      AC:  3    Str: 11    XL:     2   Next: 3%
Magic:  5/5        EV: 12    Int: 14    God:
Gold:   7          SH:  0    Dex: 12    Spells: 4/5 levels left

rFire    . . .     SeeInvis .   a - +0 spear
rCold    . . .     Gourm    .   (no shield)
rNeg     . . .     Faith    .   b - +0 leather armour
rPois    .         Spirit   .   (no helmet)
rElec    .         Reflect  .   (no cloak)
rCorr    .         Harm     .   (no gloves)
MR       .....                  (no boots)
Stlth    +.........             (no amulet)
HPRegen  0.07/turn              (no ring)
MPRegen  0.09/turn              (no ring)

@: no status effects
A: demonic guardian 1
a: no special abilities


You were on level 1 of the Dungeon.
You were not hungry.

You visited 1 branch of the dungeon, and saw 1 of its levels.

You collected 7 gold pieces.

Inventory:

Hand Weapons
 a - a +0 spear (weapon)
Armour
 b - a +0 leather armour (worn)
Scrolls
 c - a scroll of enchant weapon {unknown}
Comestibles
 d - a ration
 f - 2 chunks of flesh


   Skills:
 + Level 2.0 Fighting
 + Level 1.9 Polearms
 + Level 1.0 Armour
 + Level 1.8 Dodging
 + Level 2.1 Spellcasting
 + Level 3.0 Charms


You had 4 spell levels left.
You knew the following spells:

 Your Spells              Type           Power        Failure   Level  Hunger
a - Infusion              Chrm           #...         9%          1    ##.....

Your spell library contained the following spells:

 Spells                   Type           Power        Failure   Level  Hunger
 Song of Slaying          Chrm           #.......     14%         2    ###....
 Shroud of Golubria       Chrm/Tloc      #.....       26%         2    ###....
 Ozocubu's Armour         Chrm/Ice       #.......     45%         3    ####...
 Spectral Weapon          Hex/Chrm       #.......     45%         3    ####...


Dungeon Overview and Level Annotations

Branches:
Dungeon (1/15)

Altars:


Innate Abilities, Weirdness & Mutations

A weak demonic guardian rushes to your aid.


Message History

You see here a rat corpse.
Things that are here:
a cursed -1 dagger; a goblin corpse You closely miss the goblin.
The goblin closely misses you.
You hit the goblin.
You kill the goblin!
You have reached level 2!
Your demonic ancestry asserts itself...
You feel the presence of a demonic guardian.
You see here a +0 dagger.
Things that are here:
a cursed -1 dagger; a goblin corpse You see here a rat corpse.
You butcher the rat corpse.
f - 2 chunks of flesh (gained 1)
You see here a rat skeleton.
Things that are here:
a cursed -1 dagger; a goblin corpse You see here a rat skeleton.
Are you sure you want to abandon this character and quit the game? (Confirm with "yes".)

..#### .....(##########
...............#
...............#
..........†....#
...........÷...#
...............########
.............))@......#
.......##......#......###
.......
#......#........#### ##
.......
########...........###.≈
......# #...............≈
.....# #................
##### ###.............≈
#.............≈
##............≈


There were no monsters in sight!

Vanquished Creatures
  A giant cockroach (D:1)
  3 goblins (D:1)
  A bat (D:1)
  2 frilled lizards (D:1)
  A kobold (D:1)
  A rat (D:1)
9 creatures vanquished.

Notes
Turn   | Place    | Note
-------+----------+-------------------------------------------
     0 | D:1      | Iscandelvey the Demonspawn Skald began the quest for the
                  | Orb.
     0 | D:1      | Reached XP level 1. HP: 16/16 MP: 3/3
    60 | D:1      | Reached skill level 1 in Armour
    60 | D:1      | Reached skill level 3 in Charms
    64 | D:1      | Gained mutation: A weak demonic guardian rushes to your
                  | aid. [demonic ancestry]
    64 | D:1      | Reached XP level 2. HP: 14/22 MP: 5/5
    72 | D:1      | Quit the game

Levels and vault maps discovered:
D:1:      nicolae_arrival_washed_ashore, layout_rooms, minmay_tetromino_o4

Skill      XL: |  1 |
---------------+----+-----
Armour         | 1 |  1.0
Charms         | 3 |  3.0
Fighting       | |  2.0
Polearms       | |  1.9
Dodging        | |  1.8
Spellcasting   | |  2.1

Action                   || total
-------------------------++-------
Melee: Spear             ||    20
Armor: Leather armour    ||     6
Dodge: Dodged            ||     9

Table legend:
 A = Non-vault XP
 B = Vault XP
 C = Vault XP percentage of total XP
 D = Non-vault monster count
 E = Vault monster count
 F = Vault count percentage of total count
                 A         B        C        D         E       F
            +---------+---------+-------+---------+---------+-------
      Total |      13 |       0 |   0.0 |       9 |       0 |   0.0
            +---------+---------+-------+---------+---------+-------
        D:1 |      13 |       0 |   0.0 |       9 |       0 |   0.0
            +---------+---------+-------+---------+---------+-------
